 Dungeon Crawl Stone Soup version 0.29-a0-821-g66395355a5 (webtiles) character file.

Game seed: 289572262389587198

339 spaghetti the Covert (level 6, -1/53 HPs)
             Began as a Gnoll Delver on July 7, 2022.
             Was an Initiate of Gozag.
             Slain by Duvessa
             ... wielding a +0 short sword
              (16 damage)
             ... on level 4 of the Dungeon.
             The game lasted 00:07:44 (4996 turns).

spaghetti the Covert (Gnoll Delver)                 Turns: 4996, Time: 00:07:44

Health: -1/53      AC:  3    Str: 10 (11) XL:     6   Next: 55%
Magic:  9/9        EV: 18    Int: 10 (11) God:    Gozag
Gold:   232        SH:  0    Dex: 20      Spells: 9/9 levels left

rFire   . . .      SeeInvis .   s - +1 dagger (vamp) {short}
rCold   . . .      Faith    .   (no shield)
rNeg    . . .      Spirit   .   b - +0 leather armour
rPois   .          Reflect  .   (no helmet)
rElec   .          Harm     .   (no cloak)
rCorr   .          Rampage  .   (no gloves)
Will    .....                   (no boots)
Stlth   ++........              (no amulet)
HPRegen 0.17/turn               f - +6 ring of dexterity
MPRegen 0.11/turn               h - +4 ring of evasion

@: confused, about to teleport, ambrosia-drunk, gold aura
A: fangs 1, strong nose, distributed training
a: Renounce Religion, Potion Petition, Call Merchant, Bribe Branch


You were on level 4 of the Dungeon.
You worshipped Gozag.
Gozag was aware of your devotion.
You visited 2 branches of the dungeon, and saw 6 of its levels.

You collected 325 gold pieces.
You paid 93 gold pieces to Gozag.


Innate Abilities, Weirdness & Mutations

You have very sharp teeth.
Your uncanny sense of smell can sniff out nearby items.
Your experience applies equally to all skills.


   Skills:
 + Level 6.9 Fighting
 + Level 5.0 Short Blades
 + Level 2.1 Long Blades
 + Level 2.1 Axes
 + Level 2.1 Maces & Flails
 + Level 2.1 Polearms
 + Level 2.1 Staves
 + Level 2.1 Ranged Weapons
 + Level 2.1 Throwing
 + Level 2.1 Armour
 + Level 5.0 Dodging
 + Level 9.8 Stealth
 + Level 2.1 Shields
 + Level 2.1 Unarmed Combat
 + Level 2.1 Spellcasting
 + Level 1.6 Conjurations
 + Level 1.6 Hexes
 + Level 1.6 Summonings
 + Level 1.6 Necromancy
 + Level 1.6 Translocations
 + Level 1.6 Transmutations
 + Level 1.6 Fire Magic
 + Level 1.6 Ice Magic
 + Level 1.6 Air Magic
 + Level 1.6 Earth Magic
 + Level 1.6 Poison Magic
 + Level 2.3 Invocations
 + Level 2.1 Evocations


You had 9 spell levels left.
You didn't know any spells.
Your spell library contained the following spells:

 Spells                   Type           Power      Damage    Failure   Level
 Magic Dart               Conj           16%        1d3       21%         1
 Blink                    Tloc           8%         N/A       30%         2
 Searing Ray              Conj           8%         2d4       30%         2
 Lesser Beckoning         Tloc           4%         N/A       52%         3
 Fulminant Prism          Conj/Hex       2%         3d6       90%         4
 Manifold Assault         Tloc           4%         N/A       99%         5

Inventory:

Hand Weapons
 a - a +0 short sword {short}
 s - a +1 vampiric dagger (weapon) {short}
   (You took it off a goblin on level 1 of the Dungeon)
Missiles
 e - 10 poisoned darts (quivered) {throwing}
 i - 6 curare-tipped darts {=fthrowing}
 u - 15 stones {throwing}
Armour
 b - a +0 leather armour (worn)
Jewellery
 f - a +6 ring of dexterity (left hand)
   (You found it on level 3 of the Dungeon)
 h - a +4 ring of evasion (right hand)
   (You found it on level 3 of the Dungeon)
 j - a ring of ice
   (You found it on level 3 of the Dungeon)
 w - a ring of poison resistance
   (You found it on level 2 of the Dungeon)
Wands
 g - a wand of digging (3)
 n - a wand of flame (11)
   (You found it on level 3 of the Dungeon)
Scrolls
 c - a scroll of fog
 d - 4 scrolls of magic mapping {!r}
 k - a scroll of amnesia {unknown}
 m - 2 scrolls of torment {!r}
 t - 3 scrolls of teleportation {@r4}
 v - a scroll of vulnerability {!r!r}
 x - 2 scrolls of enchant weapon {unknown}
 y - a scroll of immolation {unknown}
 C - a scroll of poison {unknown}
 E - a scroll of enchant armour {unknown}
Potions
 B - a potion of brilliance

Dungeon Overview and Level Annotations

Branches:
Dungeon (5/15) Zot: 24338  Temple (1/1) D:4 Zot: 5087

Altars:
Ashenzari
Dithmenos
Fedhas
Gozag
Hepliaklqana
Makhleb
Okawaru
Qazlal
Ru
Sif Muna
Trog
Uskayaw
Vehumet
Xom
Yredelemnul
Zin
The Shining One

Shops:
D:4 :

Annotations:
D:4 1 runed translucent door, Crazy Yiuf, Duvessa

#......# ###.....#####
#...........# ## .....†......####
.## ...).......#.... ..
....#...........##.##
....................#
...............$e...##
...............#@....#..
.........#..####........ #..∆
.......####.###....###... ..
..#....# #.........##.... ..###
.......# #.........#...... ...##
.......# ##...##........... ....#
.....#.###...####........####.#..
....##........####.........#..#..
...........#....##.........##....


You could see Duvessa (berserk).


Message History

No target in view!
No target in view!
No target in view!
No target in view!
No target in view!
No target in view!
No target in view!
No target in view!
No target in view!
No target in view!
You now have 222 gold pieces (gained 6).
Key pressed, stopping explore.
Found a stone staircase leading down.
The iguana hisses angrily.
There is a stone staircase leading down here.
A jackal comes into view.
The jackal moves out of view.
A jackal is nearby!
No reachable target in view!
A jackal is nearby!
A jackal is nearby!
A jackal is nearby!
A jackal is nearby!
No reachable target in view!
A ball python comes into view.
An ufetubus comes into view.
A kobold comes into view. It is wielding a +0 whip.
The kobold shouts!
A ball python comes into view.
A hobgoblin comes into view.
An orc comes into view. It is wielding a +0 hand axe.
The helpless hobgoblin fails to defend itself.
You perforate the hobgoblin like a sieve!!!
You kill the hobgoblin!
The orc shouts!
You see here 7 gold pieces.
The orc completely misses you.
You hit the orc.
The orc hits you with a +0 hand axe. 😕 HP[-1]
You take 1 damage, and now have 52/53 hp.
You hit the orc.
You feel better.
You kill the orc! 😎 HP[+1]
Your hp is fully restored (53).
No target in view!
No target in view!
No target in view!
No target in view!
You now have 225 gold pieces (gained 3).
You see here a +0 hand axe {axe}.
You now have 232 gold pieces (gained 7).
u - 15 stones {throwing} (gained 3) Key pressed, stopping explore.
Key pressed, stopping explore.
Duvessa, Sister of Dowan comes into view.
She is wielding a +0 short sword.
Unknown command.
The helpless Dowan fails to defend himself.
You perforate Dowan like a sieve!!!
You kill Dowan!
Duvessa screams, "No!
How DARE you!"
Duvessa goes berserk!
Unknown command.
You closely miss Duvessa. Duvessa barely misses you.
You hit Duvessa.
Duvessa hits you with a +0 short sword! 😕 HP[-12]
You take 12 damage, and now have 41/53 hp.
MASSIVE DAMAGE!! (PAUSE)
Aiming: Throw Flame
Press: ? - help, Shift-Dir - straight line, f - Duvessa
Aim: Duvessa, wielding a +0 short sword and wearing a +0 leather armour (lightly wounded, berserk, 75% to hit)
The puff of flame hits Duvessa!
Duvessa hits you with a +0 short sword! 😮 HP[-11]
You take 11 damage, and now have 30/53 hp.
MASSIVE DAMAGE!! (PAUSE)
Aiming: Throw Flame
Press: ? - help, Shift-Dir - straight line, f/p - Duvessa
Aim: Duvessa, wielding a +0 short sword and wearing a +0 leather armour (lightly wounded, berserk, 75% to hit)
The puff of flame hits Duvessa.
Duvessa misses you. Duvessa hits you with a +0 short sword!
* * * LOW HITPOINT WARNING * * *
😨 HP[-12]
You take 12 damage, and now have 18/53 hp.
MASSIVE DAMAGE!! (PAUSE)
As you read the scroll of teleportation {@r4}, it crumbles to dust.
You feel strangely unstable. Duvessa hits you with a +0 short sword!
* * * LOW HITPOINT WARNING * * *
😱 HP[-8]
You take 8 damage, and now have 10/53 hp.
Unknown command.
Unknown command.
Unknown command.
Okay, then.
Okay, then.
Okay, then.
You are confused.
You feel invigorated. Duvessa closely misses you.
Duvessa hits you with a +0 short sword!
You die...
Your body crumbles into a pile of gold.

Skill      XL: |  1  2  3  4  5  6 |
---------------+-------------------+-----
Stealth        | |  9.8
Invocations    | 1 2 |  2.3
Long Blades    | 1 2 |  2.1
Axes           | 1 2 |  2.1
Maces & Flails | 1 2 |  2.1
Polearms       | 1 2 |  2.1
Staves         | 1 2 |  2.1
Ranged Weapons | 1 2 |  2.1
Throwing       | 1 2 |  2.1
Armour         | 1 2 |  2.1
Shields        | 1 2 |  2.1
Unarmed Combat | 1 2 |  2.1
Spellcasting   | 1 2 |  2.1
Evocations     | 1 2 |  2.1
Conjurations   | 1 |  1.6
Hexes          | 1 |  1.6
Summonings     | 1 |  1.6
Necromancy     | 1 |  1.6
Translocations | 1 |  1.6
Transmutations | 1 |  1.6
Fire Magic     | 1 |  1.6
Ice Magic      | 1 |  1.6
Air Magic      | 1 |  1.6
Earth Magic    | 1 |  1.6
Poison Magic   | 1 |  1.6
Short Blades   | 5 |  5.0
Dodging        | 5 |  5.0
Fighting       | |  6.9

Action                   |  1- 3 |  4- 6 || total
-------------------------+-------+-------++-------
Melee: Short sword       |   124 |       ||   124
       Bite              |     6 |    12 ||    18
       Dagger            |     8 |   177 ||   185
       Punch             |     1 |     4 ||     5
Throw: Dart              |       |     2 ||     2
Evoke: Wand              |       |     6 ||     6
  Use: Scroll            |     1 |     5 ||     6
       Potion            |     1 |    12 ||    13
 Stab: Sleeping          |    11 |    13 ||    24
       Invisible         |       |     1 ||     1
Armor: Leather armour    |    19 |    23 ||    42
Dodge: Dodged            |    99 |   176 ||   275

Levels and vault maps discovered:
D:1:      minmay_arrival_stair_chambers, layout_loops_ring,
          chequers_ecumenical_altar_simple
D:2:      layout_loops_ring, uniq_natasha
D:3:      kennysheep_the_goblin_king, layout_loops_ring, serial_glass,
          glass_columns_b, glass_columns_a, glass_columns_c, glass_columns_a,
          glass_columns_c, glass_columns_a, glass_columns_c, glass_columns_a,
          glass_columns_b, glass_columns_a, glass_columns_b, glass_columns_a,
          glass_columns_b, glass_columns_b, gup_sewer_entry_bubbles,
          hangedman_glass_teeth
D:4:      layout_cave_pools, minmay_temple_entry_slanted, nicolae_stop_n_shop_1,
          minmay_puff, uniq_duvessa, uniq_crazy_yiuf_cottage
D:5:      layout_rooms, uniq_grinder
Temple:   minmay_crystal_spiral_temple

Notes
Turn   | Place    | Note
-------+----------+-------------------------------------------
     0 | D:5      | Reached skill level 9 in Stealth
     0 | D:5      | spaghetti the Gnoll Delver began the quest for the Orb.
     0 | D:5      | Reached XP level 1. HP: 23/23 MP: 1/1
     0 | D:5      | magus.rc [v1.9.6]
     4 | D:5      | Noticed a scorpion
    14 | D:4      | Found Ifaalik's Book Shop.
   407 | D:3      | Reached XP level 2. HP: 29/29 MP: 2/2
   429 | D:3      | HP: 2/29 [river rat (7)]
   773 | D:3      | HP: 7/29 [goblin/+0 dagger (2)]
  1312 | D:2      | Reached XP level 3. HP: 35/35 MP: 3/3
  1323 | D:2      | Reached skill level 1 in Invocations
  1466 | D:1      | Reached skill level 1 in Long Blades
  1466 | D:1      | Reached skill level 1 in Axes
  1466 | D:1      | Reached skill level 1 in Maces & Flails
  1466 | D:1      | Reached skill level 1 in Polearms
  1466 | D:1      | Reached skill level 1 in Staves
  1466 | D:1      | Reached skill level 1 in Ranged Weapons
  1466 | D:1      | Reached skill level 1 in Throwing
  1466 | D:1      | Reached skill level 1 in Armour
  1466 | D:1      | Reached skill level 1 in Shields
  1466 | D:1      | Reached skill level 1 in Unarmed Combat
  1466 | D:1      | Reached skill level 1 in Spellcasting
  1466 | D:1      | Reached skill level 1 in Evocations
  1533 | D:1      | Found a faded altar of an unknown god.
  1862 | D:1      | Reached XP level 4. HP: 40/40 MP: 5/5
  2244 | D:2      | You pick up a book of Spatial Translocations and begin
                  | reading...
  2244 | D:2      | You add the spells Blink, Lesser Beckoning and Manifold
                  | Assault to your library.
  2358 | D:2      | Noticed Natasha
  2365 | D:2      | Killed Natasha
  2366 | D:2      | Reached skill level 1 in Conjurations
  2366 | D:2      | Reached skill level 1 in Hexes
  2366 | D:2      | Reached skill level 1 in Summonings
  2366 | D:2      | Reached skill level 1 in Necromancy
  2366 | D:2      | Reached skill level 1 in Translocations
  2366 | D:2      | Reached skill level 1 in Transmutations
  2366 | D:2      | Reached skill level 1 in Fire Magic
  2366 | D:2      | Reached skill level 1 in Ice Magic
  2366 | D:2      | Reached skill level 1 in Air Magic
  2366 | D:2      | Reached skill level 1 in Earth Magic
  2366 | D:2      | Reached skill level 1 in Poison Magic
  2432 | D:2      | Noticed Natasha
  2445 | D:2      | Killed Natasha
  2571 | D:2      | Reached XP level 5. HP: 47/47 MP: 7/7
  2951 | D:3      | You pick up a book of Conjurations {@e2} and begin
                  | reading...
  2951 | D:3      | You add the spells Magic Dart, Searing Ray and Fulminant
                  | Prism to your library.
  3678 | D:4      | Noticed Dowan
  3808 | D:4      | Found a staircase to the Ecumenical Temple.
  3837 | Temple   | Entered the Ecumenical Temple
  3999 | Temple   | Became a worshipper of Gozag Ym Sagoz the Greedy
  4417 | Temple   | Reached skill level 2 in Invocations
  4437 | Temple   | Reached XP level 6. HP: 29/53 MP: 8/8
  4633 | Temple   | Reached skill level 5 in Short Blades
  4633 | Temple   | Reached skill level 2 in Long Blades
  4633 | Temple   | Reached skill level 2 in Axes
  4633 | Temple   | Reached skill level 2 in Maces & Flails
  4633 | Temple   | Reached skill level 2 in Polearms
  4633 | Temple   | Reached skill level 2 in Staves
  4633 | Temple   | Reached skill level 2 in Ranged Weapons
  4633 | Temple   | Reached skill level 2 in Throwing
  4633 | Temple   | Reached skill level 2 in Armour
  4633 | Temple   | Reached skill level 5 in Dodging
  4633 | Temple   | Reached skill level 2 in Shields
  4633 | Temple   | Reached skill level 2 in Unarmed Combat
  4633 | Temple   | Reached skill level 2 in Spellcasting
  4633 | Temple   | Reached skill level 2 in Evocations
  4812 | D:4      | Found a runed translucent door.
  4813 | D:4      | Noticed Crazy Yiuf
  4984 | D:4      | Noticed Duvessa
  4990 | D:4      | Killed Dowan
  4995 | D:4      | HP: 10/53 [Duvessa/+0 short sword (8)]
  4996 | D:4      | Slain by Duvessa

Vanquished Creatures
  A scorpion (Temple)
  Dowan (D:4)
  An iguana (D:4)
  An orc wizard (Temple)
  Natasha (twice) (D:2)
  4 adders
  2 river rats (D:3)
  An ufetubus (D:4)
  A worm (D:3)
  A dart slug (D:4)
  3 orcs
  5 endoplasms
  3 giant cockroaches
  10 goblins
  7 hobgoblins
  2 jackals (D:2)
  3 quokkas
  6 ball pythons
  5 bats
  A frilled lizard (D:3)
  7 kobolds
  9 rats
76 creatures vanquished.

Table legend:
 A = Non-vault XP
 B = Vault XP
 C = Vault XP percentage of total XP
 D = Non-vault monster count
 E = Vault monster count
 F = Vault count percentage of total count
                 A         B        C        D         E       F
            +---------+---------+-------+---------+---------+-------
      Total |     343 |     142 |  29.3 |      61 |      15 |  19.7
            +---------+---------+-------+---------+---------+-------
        D:1 |      27 |       0 |   0.0 |      16 |       0 |   0.0
        D:2 |     101 |      33 |  24.6 |      19 |       1 |   5.0
        D:3 |      33 |      46 |  58.2 |      13 |      13 |  50.0
        D:4 |      59 |      63 |  51.6 |       8 |       1 |  11.1
     Temple |     123 |       0 |   0.0 |       5 |       0 |   0.0
            +---------+---------+-------+---------+---------+-------

Illustrated notes

Table legend:
 A = Kills in this place as a percentage of kills in entire the game.
 B = Kills by you in this place as a percentage of kills by you in the entire game.
 C = Kills by friends in this place as a percentage of kills by friends in the entire game.
 D = Other kills in this place as a percentage of other kills in the entire game.
 E = Experience gained in this place as a percentage of experience gained in the entire game.
 F = Experience gained in this place divided by the number of levels of this place that you have seen.
                   A       B       C       D       E      F
               +-------+-------+-------+-------+-------+----------------------
         Total | 100.0 | 100.0 |   N/A |   N/A | 100.0 |  80.8
       Dungeon |  93.4 |  93.4 |   N/A |   N/A |  74.6 |  72.4
        Temple |   6.6 |   6.6 |   N/A |   N/A |  25.4 | 123.0
               +-------+-------+-------+-------+-------+----------------------

Table legend: (Time is in decaauts)
 A = Elapsed time spent in this place.
 B = Non-inter-level travel time spent in this place.
 C = Inter-level travel time spent in this place.
 D = Time resting spent in this place.
 E = Time spent auto-exploring this place.
 F = Levels seen in this place.
 G = Mean time per level.
                   A        B        C        D        E       F      G
               +--------+--------+--------+--------+--------+-----+--------+
         Total |   4959 |   4641 |    318 |   1072 |   2868 |   6 |  826.5 |
       Dungeon |   4046 |   3874 |    172 |    664 |   2614 |   5 |  809.2 |
        Temple |    912 |    766 |    146 |    408 |    254 |   1 |  912.0 |
               +--------+--------+--------+--------+--------+-----+--------+

Top non-repeatable levels by time:
     D:3: 1932 daAuts
  Temple: 912 daAuts
     D:2: 885 daAuts
     D:1: 705 daAuts
     D:4: 509 daAuts
     D:5: 14 daAuts
